 Dungeon Crawl Stone Soup version 0.28.0-45-g0d030f2227 (webtiles) character file.

Game seed: 8674908845901636001

2123 simples the Cleaver (level 9, 0/81 HPs)
             Began as a Hill Orc Berserker on May 4, 2022.
             Was a Priest of Trog.
             Slain by a yak (3 damage)
             ... on level 6 of the Dungeon.
             The game lasted 00:05:21 (8600 turns).

simples the Cleaver (Hill Orc Berserker)            Turns: 8600, Time: 00:05:22

Health: 0/81       AC: 10    Str: 20    XL:     9   Next: 29%
Magic:  9/9        EV:  9    Int:  7    God:    Trog [***...]
Gold:   276        SH:  0    Dex: 14    Spells: 8/8 levels left

rFire   . . .      SeeInvis +   a - +0 hand axe
rCold   . . .      Faith    +   (no shield)
rNeg    . . .      Spirit   .   l - +0 chain mail
rPois   .          Reflect  .   (no helmet)
rElec   .          Harm     .   (no cloak)
rCorr   .          Rampage  .   (no gloves)
Will    ++...                   (no boots)
Stlth   ..........              e - amulet of faith
HPRegen 1.23/turn               g - ring of see invisible
MPRegen 0.11/turn               (no ring)

@: strong-willed, on berserk cooldown, regenerating, slowed, very slow
A: no striking features
a: Renounce Religion, Berserk, Trog's Hand


You were on level 6 of the Dungeon.
You worshipped Trog.
Trog was most pleased with you.
You visited 1 branch of the dungeon, and saw 6 of its levels.

You collected 276 gold pieces.

Inventory:

Hand Weapons
 a - a +0 hand axe (weapon)
 q - a +5 morningstar
Armour
 l - a +0 chain mail (worn)
Jewellery
 e - an amulet of faith (around neck)
 g - a ring of see invisible (left hand)
 i - a ring of flight
Wands
 s - a wand of flame (4)
Scrolls
 b - 3 scrolls of identify
 f - 2 scrolls of blinking
 h - a scroll of fear {unknown}
 m - 2 scrolls of enchant weapon {unknown}
 n - a scroll of enchant armour {unknown}
 p - 3 scrolls of brand weapon {unknown}
 r - a scroll of amnesia {unknown}
 u - a scroll of silence {unknown}
Potions
 c - 2 potions of attraction {unknown}
 d - a potion of haste {unknown}
 j - a potion of curing {unknown}
 k - a potion of lignification {unknown}
 o - a potion of mutation {unknown}
 t - a potion of resistance {unknown}


   Skills:
 + Level 7.9 Fighting
 + Level 9.5 Axes
 + Level 6.6 Armour
 + Level 4.9 Dodging
 - Level 0.4 Stealth


You had 8 spell levels left.
You didn't know any spells.
Your spell library was empty.

Dungeon Overview and Level Annotations

Branches:
Dungeon (6/15)
 Temple: D:4-7

Altars:
Ashenzari
Sif Muna

Annotations:
D:4 3 runed translucent doors, manifold's ghost, novice OgBe


Message History

The yak is lightly wounded.
You hit the yak.
The yak is moderately wounded.
The yak gores you but does no damage.
You hit the yak. You punch the yak.
The yak is heavily wounded.
You are no longer berserk.
You are exhausted.
You feel yourself slow down.
You hit the yak but do no damage.
The yak is heavily wounded.
The yak barely misses you.
You barely miss the yak.
The yak is heavily wounded.
The yak gores you! The yak barely misses you.
You closely miss the yak.
The yak is heavily wounded.
The yak gores you but does no damage.
You barely miss the yak.
The yak is heavily wounded.
The yak gores you!
You closely miss the yak.
The yak is heavily wounded.
The yak gores you.
You hit the yak but do no damage. You punch the yak, but do no damage.
The yak is heavily wounded.
The yak gores you! x2
* * * LOW HITPOINT WARNING * * *
Your skin crawls.
You feel strong-willed. The yak gores you!
* * * LOW HITPOINT WARNING * * *
You hit the yak but do no damage.
The yak is heavily wounded.
The yak gores you!
* * * LOW HITPOINT WARNING * * *
You barely miss the yak.
The yak is heavily wounded.
The yak gores you.
You die...

#.
#####################.
#.....................
#.#######.......#####.
#.# #......)# #.
#.##### #>......# #.
#.....# #.......#####.
#####.###.............
#@#...............
#Y#.#.............
#.#.#####.........
#.#.# #...†##..<
#.#.#####....##...
#.#.......##.##...
#.#..#######.##...
#.#......#........
##.###.#.#.#....


You could see a yak.

Vanquished Creatures
  3 yaks (D:6)
  Eustachio (D:5)
  Menkaure (D:5)
  A water moccasin (D:5)
  Duvessa (D:6)
  A necrophage (D:6)
  2 ogres
  A scorpion (D:5)
  A wyvern skeleton (D:5)
  A water moccasin zombie (D:4)
  Dowan (D:6)
  5 wights (D:5)
  A howler monkey (D:5)
  A centaur zombie (D:3)
  3 bullfrog zombies
  A hound (D:5)
  An orc priest (D:4)
  A centaur skeleton (D:4)
  An iguana (D:6)
  An orc wizard (D:4)
  2 hound zombies (D:5)
  10 adders
  A shadow imp (D:6)
  A white imp (D:5)
  2 adder skeletons (D:4)
  2 dart slugs
  15 orcs
  7 endoplasms
  2 giant cockroaches
  3 goblins
  6 hobgoblins
  2 jackals (D:1)
  5 quokkas
  7 ball pythons
  4 bats
  3 frilled lizards
  8 kobolds
  3 rats
112 creatures vanquished.

Notes
Turn   | Place    | Note
-------+----------+-------------------------------------------
     0 | D:1      | simples the Hill Orc Berserker began the quest for the Orb.
     0 | D:1      | Reached XP level 1. HP: 19/19 MP: 1/1
   368 | D:1      | Reached XP level 2. HP: 27/27 MP: 2/2
  1304 | D:2      | Reached skill level 5 in Axes
  1304 | D:2      | Reached XP level 3. HP: 26/33 MP: 3/3
  1697 | D:2      | Reached ** piety under Trog
  2169 | D:2      | Found a faded altar of an unknown god.
  2347 | D:2      | Reached XP level 4. HP: 28/40 MP: 4/4
  3138 | D:3      | Reached skill level 6 in Axes
  3409 | D:3      | Reached XP level 5. HP: 27/47 MP: 5/5
  3909 | D:3      | Noticed an ogre
  3917 | D:3      | Killed an ogre
  4185 | D:3      | Reached XP level 6. HP: 52/53 MP: 6/6
  4497 | D:4      | Found a runed translucent gate.
  4497 | D:4      | Found a runed translucent gate.
  4497 | D:4      | Found a runed translucent gate.
  4935 | D:4      | Reached skill level 5 in Fighting
  5350 | D:4      | Reached skill level 7 in Axes
  5590 | D:4      | Reached XP level 7. HP: 61/61 MP: 7/7
  5879 | D:4      | Noticed manifold's ghost (novice OgBe)
  5958 | D:5      | Entered Level 5 of the Dungeon
  5958 | D:5      | Noticed Menkaure
  5965 | D:5      | Killed Menkaure
  6354 | D:5      | Noticed Eustachio
  6373 | D:5      | Killed Eustachio
  6374 | D:5      | Reached skill level 8 in Axes
  6374 | D:5      | Reached skill level 5 in Armour
  6374 | D:5      | Reached XP level 8. HP: 54/70 MP: 8/8
  7336 | D:5      | Found a broken altar of Ashenzari.
  7372 | D:5      | Found a shimmering blue altar of Sif Muna.
  7468 | D:5      | Reached *** piety under Trog
  7819 | D:6      | Noticed Duvessa
  7820 | D:6      | Noticed Dowan
  7857 | D:6      | Killed Dowan
  7869 | D:6      | Killed Duvessa
  8193 | D:6      | Reached skill level 9 in Axes
  8396 | D:6      | Reached XP level 9. HP: 71/79 MP: 9/9
  8599 | D:6      | HP: 1/81 [yak (11)]
  8600 | D:6      | Slain by a yak

Illustrated notes

Levels and vault maps discovered:
D:1:      dpeg_arrival_chambers_temple_mockup, layout_basic
D:2:      layout_loops_cross, chequers_ecumenical_altar_lobes,
          kennysheep_generic_room_8
D:3:      layout_basic, minmay_misc_feat_room
D:4:      layout_basic, ebering_ghost_rock_garden
D:5:      layout_basic, lemuel_doored_altar, overflow_temple_1_default,
          uniq_eustachio, uniq_menkaure
D:6:      layout_basic, amcnicky_altar_gilded, minmay_misc_feat_tower,
          uniq_duvessa

Skill      XL: |  1  2  3  4  5  6  7  8 |
---------------+-------------------------+-----
Axes           | 5 6 7 8 9 |  9.5
Fighting       | 4 5 6 7 |  7.9
Dodging        | 2 3 4 |  4.9
Armour         | 3 5 6 |  6.6
Stealth        | |  0.4

Action                   |  1- 3 |  4- 6 |  7- 9 || total
-------------------------+-------+-------+-------++-------
Melee: Hand axe          |    82 |   168 |   234 ||   484
       Punch             |     2 |     1 |     2 ||     5
Invok: Berserk           |     3 |     4 |     6 ||    13
       Trog's Hand       |       |     1 |     5 ||     6
  Use: Scroll            |       |       |     1 ||     1
 Stab: Sleeping          |     2 |     1 |       ||     3
Armor: Animal skin       |    16 |     3 |       ||    19
       Chain mail        |       |    55 |    74 ||   129
Dodge: Dodged            |    63 |    81 |    89 ||   233
